 Dungeon Crawl Stone Soup version 0.17.2-1-ge4368a0 (webtiles) character file.

1426 Goblin1989 the Carver (level 8, -3/58 HPs)
             Began as a Vampire Gladiator on Dec 29, 2016.
             Was a Follower of Makhleb.
             Slain by Menkaure (16 damage)
             ... on level 7 of the Dungeon.
             The game lasted 00:26:33 (7418 turns).

Goblin1989 the Carver (Vampire Gladiator)           Turns: 7418, Time: 00:26:33

Health: -3/58      AC: 13    Str: 16      XL:     8   Next: 44%
Magic:  8/8        EV:  9    Int: 13      God:    Makhleb [*.....]
Gold:   249        SH:  7    Dex: 12 (15) Spells: 0 memorised, 7 levels left

rFire  . . .     SeeInvis +     a - +0 long sword
rCold  + . .     Clarity  .     m - +3 ring mail
rNeg   + + +     SustAt   .     h - +0 shield
rPois  +         Gourm    .     c - +0 helmet
rElec  .         Spirit   .     g - +0 cloak
rCorr  .         Warding  +     j - +0 pair of gloves
rMut   .         Stasis   .     (no boots)
MR     .....                    u - amulet of Elasip {Ward rN+ Int+3 Stlth+}
Stlth  +.........               (no ring)
                                i - ring of wizardry

@: regenerating slowly, not resistant to hostile enchantments, very unstealthy
A: fangs 3, hooves 1, thin metallic scales 1, see invisible, unbreathing, no
device heal 1
a: Bat Form, Renounce Religion


You were on level 7 of the Dungeon.
You worshipped Makhleb.
Makhleb was aware of your devotion.
You were very thirsty.

You visited 2 branches of the dungeon, and saw 8 of its levels.

You collected 249 gold pieces.

Inventory:

Hand Weapons
 a - a +0 long sword (weapon)
Missiles
 Z - 2 throwing nets (quivered) {=f, !d}
Armour
 c - a +0 helmet (worn)
 g - a +0 cloak (worn)
 h - a +0 shield (worn)
 j - a +0 pair of gloves (worn)
 m - a +3 ring mail (worn)
 x - a +1 ring mail of positive energy
Jewellery
 i - a ring of wizardry (left hand)
 u - the amulet of Elasip (around neck) {Ward rN+ Int+3 Stlth+}
   (You found it on level 5 of the Dungeon)

   [amulet of warding]

   It may prevent the melee attacks of summoned creatures.
   It affects your intelligence (+3).
   It protects you from negative energy.
   It makes you more stealthy.
 y - an amulet of warding
Scrolls
 d - a scroll of noise {unknown}
 f - 8 scrolls of identify {unknown}
 k - 2 scrolls of magic mapping {unknown}
 l - 3 scrolls of remove curse {unknown}
 p - 2 scrolls of teleportation {unknown}
 r - 3 scrolls of enchant armour {unknown}
 s - a scroll of recharging {unknown}
 t - 2 scrolls of fear {unknown}
 v - 2 scrolls of holy word {unknown}
Potions
 b - a potion of lignification {!q}
 e - a potion of heal wounds {unknown}
 o - a potion of mutation {!q}
 q - 6 potions of blood


   Skills:
 + Level 3.3 Fighting
 * Level 9.9 Long Blades
 - Level 1.5 Throwing
 + Level 2.1 Armour
 - Level 3.2 Dodging
 + Level 0.6 Shields


You had 7 spell levels left.
You didn't know any spells.

Dungeon Overview and Level Annotations

Branches:
Dungeon (7/15)             Temple (1/1) D:5

Altars:
Ashenzari
Cheibriados
Dithmenos
Elyvilon
Fedhas
Gozag
Kikubaaqudgha
Makhleb
Nemelex Xobeh
Okawaru
Qazlal
Sif Muna
Trog
Vehumet
Xom
Yredelemnul
Zin
The Shining One

Shops:
D:6 (

Annotations:
D:4 Dowan, Duvessa, Grinder
D:7 Menkaure


Innate Abilities, Weirdness & Mutations

You heal slowly.
You have razor-sharp teeth.
You have supernaturally acute eyesight.
You can survive without breathing.
You have large cloven feet.
You are partially covered in thin metallic scales (AC +2).
Potions and wands are less effective at restoring your health.


Message History

Unknown command.
You bump into the rock wall.
The centaur hits you but does no damage.
Menkaure hits you!
* * * LOW HITPOINT WARNING * * *
The centaur hits you.
* * * LOW HITPOINT WARNING * * *
You take 7 damage, and have 8/58 hp.
You bump into the rock wall.
The centaur closely misses you.
Menkaure mumbles some strange words.
Menkaure seems to speed up.
You regained 2 hp, and now have 10/58 hp.
Unknown command.
You slash Menkaure! You kick Menkaure, but do no damage.
Menkaure is heavily damaged.
You feel less invigorated.
You feel less confused.
The centaur hits you but does no damage.
Menkaure hits you!
You die... .......█ █..█ ...!...██ ██.██ ████

........█ █..█
█..███ ........█
██.██ █.....
M.......██ ██..█
█..... ......(.(█
█..██ █.....
....<(...███ ██..█
█.....
.....(.█.M(███
█(.██ █.....
.....█████..(███@.█
█..... ....██
███..█..Mc██ █.....
..██ ██.....██..█
█..... .█
██......███.██
█..(.. █
███........██..█
█...<.
██..........███.██
█...>.
█............██..█
██...█
█............███.██


█████ █.............██..█ ██ You could see Menkaure and a centaur.

Vanquished Creatures
  Prince Ribbit (D:6)
  An ice beast (D:6)
  A centaur (D:6)
  An ogre (D:5)
  2 giant frogs
  A scorpion (D:5)
  4 wights (D:7)
  4 crimson imps
  2 orc priests (D:6)
  A centaur skeleton (D:5)
  2 orc wizards
  Crazy Yiuf (D:2)
  An iguana (D:5)
  3 worker ants
  The ghost of dscm the Sneak, a weakling OpEE (D:5)
  A hound skeleton (D:6)
  10 adders
  A shadow imp (D:6)
  An adder skeleton (D:4)
  2 worms
  The ghost of dscm the Scratcher, a weakling FeTm (D:4)
  7 giant geckos
  17 orcs
  5 ball pythons
  4 giant cockroaches
  7 goblins
  11 hobgoblins
  3 bats
  3 giant newts
  11 jackals
  5 kobolds
  3 quokkas (D:2)
  8 rats
126 creatures vanquished.

Notes
Turn   | Place    | Note
--------------------------------------------------------------
     0 | D:1      | Goblin1989 the Vampire Gladiator began the quest for the Orb.
     0 | D:1      | Reached XP level 1. HP: 16/16 MP: 1/1
   131 | D:1      | Reached XP level 2. HP: 11/22 MP: 2/2
   614 | D:1      | Reached skill level 4 in Long Blades
   978 | D:2      | Found a blossoming altar of Fedhas.
   985 | D:1      | Reached XP level 3. HP: 23/27 MP: 3/3
  1380 | D:2      | Noticed Crazy Yiuf
  1392 | D:2      | Killed Crazy Yiuf
  1392 | D:2      | Reached skill level 5 in Long Blades
  1392 | D:2      | Reached XP level 4. HP: 33/33 MP: 4/4
  2274 | D:3      | Reached XP level 5. HP: 33/38 MP: 5/5
  2541 | D:3      | Reached skill level 6 in Long Blades
  3008 | D:4      | Noticed Dowan
  3288 | D:4      | Reached XP level 6. HP: 37/44 MP: 6/6
  3296 | D:4      | Noticed dscm's ghost (weakling FeTm)
  3304 | D:4      | Killed dscm's ghost
  3314 | D:4      | Found a glowing silver altar of Zin.
  3332 | D:4      | Noticed Duvessa
  3353 | D:4      | Noticed Grinder
  3364 | D:5      | Entered Level 5 of the Dungeon
  3630 | D:5      | Got a clouded golden amulet
  3631 | D:5      | Identified the amulet of Elasip {Ward rN+ Int+3 Stlth+} (You found it on level 5 of the Dungeon)
  3730 | D:5      | Reached skill level 7 in Long Blades
  3813 | D:5      | Found a staircase to the Ecumenical Temple.
  3822 | Temple   | Entered the Ecumenical Temple
  4040 | Temple   | Became a worshipper of Makhleb the Destroyer
  4281 | D:5      | Noticed dscm's ghost (weakling OpEE)
  4295 | D:5      | Killed dscm's ghost
  4295 | D:5      | Reached skill level 8 in Long Blades
  4295 | D:5      | Reached XP level 7. HP: 15/49 MP: 7/7
  5244 | D:5      | Found a shattered altar of Ashenzari.
  5424 | D:6      | Reached * piety under Makhleb
  5494 | D:6      | Reached skill level 9 in Long Blades
  5675 | D:6      | Reached skill level 1 in Armour
  5850 | D:6      | Noticed Prince Ribbit
  5868 | D:6      | Killed Prince Ribbit
  5868 | D:6      | Reached XP level 8. HP: 26/57 MP: 8/8
  6233 | D:6      | Found Eluz's Antique Weapon Shoppe.
  6287 | D:6      | Found a shimmering altar of Xom.
  6288 | D:6      | Found a shimmering altar of Xom.
  6404 | D:6      | Found a bloodstained altar of Trog.
  6407 | D:6      | Found an iron altar of Okawaru.
  6410 | D:6      | Found a shattered altar of Ashenzari.
  6934 | D:7      | Noticed Menkaure
  7412 | D:7      | Gained mutation: You are partially covered in thin metallic scales (AC +2). [potion of mutation]
  7412 | D:7      | Gained mutation: Potions and wands are less effective at restoring your health. [potion of mutation]
  7412 | D:7      | Gained mutation: You have large cloven feet. [potion of mutation]
  7418 | D:7      | Slain by Menkaure

Action                   |  1- 3 |  4- 6 |  7- 9 || total
-------------------------+-------+-------+-------++-------
Melee: Long sword        |   116 |   216 |   144 ||   476
Throw: Throwing net      |     1 |       |       ||     1
  Use: Potion            |       |     4 |     9 ||    13
 Stab: Sleeping          |     1 |       |     1 ||     2

Vault maps used:
D:1:      dpeg_arrival_simpleton_b
D:2:      nicolae_overflow_hidden_temple, uniq_crazy_yiuf_cottage
D:3:      kennysheep_six_static_rooms
D:4:      nicolae_overflow_crystal_walls, uniq_duvessa, uniq_grinder,
          uniq_edmund
D:5:      minmay_temple_entry_poolview, first_bread, ashenzari_altar_1
D:6:      lemuel_ice_spiral_2, xom_redecorated, grunt_temple_overflow_diamond,
          serial_shops, nicolae_shop_overgrown_old_shop, uniq_prince_ribbit1,
          uniq_sigmund
D:7:      uniq_menkaure
Temple:   eino_temple_water_12
